 Dungeon Crawl Stone Soup version 0.18.1-48-g4cf74bf (webtiles) character file.

83 NullDivider the Stinger (level 4, 0/28 HPs)
             Began as an Octopode Venom Mage on Sept 3, 2016.
             Was an Initiate of Ru.
             Killed by divine providence
             ... invoked by an orc priest
              (12 damage)
             ... on level 3 of the Dungeon.
             The game lasted 00:27:23 (2748 turns).

NullDivider the Stinger (Octopode Venom Mage)       Turns: 2748, Time: 00:27:26

Health: 0/28       AC:  1    Str:  7    XL:     4   Next: 44%
Magic:  3/7        EV: 12    Int: 17    God:    Ru [......]
Gold:   87         SH:  3    Dex: 13    Spells: 2 memorised, 4 levels left

rFire  . . .     SeeInvis .     (no weapon)
rCold  . . .     Gourm    .     (no shield)
rNeg   . . .     Faith    .     (helmet restricted)
rPois  .         Spirit   .     d - +3 amulet of reflection
rElec  .         Dismiss  .     (no ring)
rCorr  .         Reflect  +     (no ring)
SustAt .         Harm     .     (no ring)
MR     .....                    (no ring)
Stlth  ++++......               (no ring)
                                (no ring)
                                (no ring)
                                (no ring)

@: not resistant to hostile enchantments, stealthy
A: almost no armour, amphibious, 8 rings, constrict 8, camouflage 1, gelatinous
body 1
a: Renounce Religion


You were on level 3 of the Dungeon.
You worshipped Ru.
Ru was noncommittal.
You were not hungry.

You visited 1 branch of the dungeon, and saw 3 of its levels.

You collected 87 gold pieces.

Inventory:

Jewellery
 d - a +3 amulet of reflection (around mantle)
Scrolls
 e - a scroll of remove curse
 g - a scroll of enchant armour
 h - a scroll of identify
 i - a scroll of magic mapping
Potions
 c - 2 potions of heal wounds
 f - a potion of curing
 k - a potion of brilliance
Books
 a - a Young Poisoner's Handbook

   Spells                             Type                      Level
   a - Sting                          Conjuration/Poison           1
   b - Cure Poison                    Poison                       2
   c - Mephitic Cloud                 Conjuration/Poison/Air       3
   d - Olgreb's Toxic Radiance        Poison                       4
   e - Venom Bolt                     Conjuration/Poison           5


   Skills:
 + Level 1.0 Fighting
 + Level 2.2 Dodging
 + Level 3.6 Stealth
 + Level 0.6 Unarmed Combat
 + Level 2.3 Spellcasting
 + Level 0.4 Conjurations
 + Level 5.8 Poison Magic


You had 4 spell levels left.
You knew the following spells:

 Your Spells              Type           Power        Failure   Level  Hunger
a - Sting                 Conj/Pois      ##..         6%          1    #......
b - Cure Poison           Pois           ###.......   2%          2    ##.....


Dungeon Overview and Level Annotations

Branches:
Dungeon (3/15)

Altars:
Ru


Innate Abilities, Weirdness & Mutations

You cannot wear most types of armour.
You are amphibious.
You can wear up to eight rings at the same time.
You can use your tentacles to constrict eight enemies at once.
Your skin changes colour to match your surroundings (Stealth).
Your rubbery body absorbs attacks (AC +1).


Message History

Confirm with . or Enter, or press ? or * to list all spells.
Aiming: Sting
Press: ? - help, Shift-Dir - straight line, f/p - orc
Aim: an orc, wielding a flail and wearing a chain mail The sting hits the orc.
The orc appears unharmed.
The orc shouts!
The orc priest mumbles some strange prayers to Beogh against you.
Beogh smites you!
Ouch! That really hurt!
You block the orc's attack.
An orc comes into view. It is wielding a dagger.
The orc shouts!
You tentacle-slap the orc but do no damage.
You grab the orc. You squeeze the orc.
The orc is almost dead.
You constrict the orc.
You kill the orc!
The orc priest calls down the wrath of Beogh upon you.
Beogh smites you!
You die...

#.....#
#.......#
#.....#
#.#######
#.....#
#.#..<#
#...###
#.#.###
#.#..#
#.#.#
#.#..#
#.#.#
#.#..#
#.#.#
#.#..#
#...#
#@#...
#####
#)##..#
#(# ..#
#o.......
#o.!.....
o....>...
#........
#........
#........


You could see an orc priest and 2 orcs.

Vanquished Creatures
  An orc wizard (D:3)
  2 adders (D:2)
  2 dart slugs (D:1)
  A giant gecko (D:2)
  An orc (D:3)
  2 ball pythons
  3 bats
  2 giant cockroaches
  5 goblins
  4 hobgoblins
  2 jackals (D:2)
  3 giant newts
  3 kobolds
  2 rats (D:1)
33 creatures vanquished.

Notes
Turn   | Place    | Note
--------------------------------------------------------------
     0 | D:1      | NullDivider the Octopode Venom Mage began the quest for the Orb.
     0 | D:1      | Reached XP level 1. HP: 11/11 MP: 3/3
    33 | D:1      | Reached skill level 5 in Poison Magic
   361 | D:1      | Reached XP level 2. HP: 17/17 MP: 0/5
  1336 | D:1      | Learned a level 2 spell: Cure Poison
  1458 | D:2      | Reached XP level 3. HP: 21/21 MP: 4/6
  2242 | D:2      | Found a sacrificial altar of Ru.
  2463 | D:2      | Became a worshipper of Ru the Awakened
  2738 | D:3      | Reached skill level 1 in Fighting
  2738 | D:3      | Reached XP level 4. HP: 28/28 MP: 5/7
  2748 | D:3      | Killed from afar by an orc priest

Skill      XL: |  1  2  3 |
---------------+----------+-----
Poison Magic   | 5 |  5.8
Stealth        | 3 |  3.6
Fighting       | 1 |  1.0
Dodging        | |  2.2
Unarmed Combat | |  0.6
Spellcasting   | |  2.3
Conjurations   | |  0.4

Action                   |  1- 3 |  4- 6 || total
-------------------------+-------+-------++-------
Melee: Unarmed           |    47 |     1 ||    48
       Constrict         |    11 |     1 ||    12
       Tentacles         |     8 |     1 ||     9
 Cast: Sting             |    34 |     3 ||    37
  Use: Scroll            |    10 |       ||    10
 Stab: Sleeping          |     6 |       ||     6
  Eat: Bread ration      |     2 |       ||     2
Armor: Skin              |    11 |       ||    11
Dodge: Dodged            |    40 |     2 ||    42
Block: Other             |     7 |     1 ||     8
